 Dungeon Crawl Stone Soup version 0.20-a0-842-g939b552 (webtiles) character file.

202556 M4edhros the Green Death (level 19, -1/137 HPs)
             Began as an Octopode Artificer on Mar 9, 2017.
             Was a High Priest of Fedhas.
             Slain by an entropy weaver (15 damage)
             ... on level 1 of the Spider Nest.
             The game lasted 01:57:47 (52227 turns).

M4edhros the Green Death (Octopode Artificer)      Turns: 52227, Time: 01:57:47

Health: -1/137     AC:  1    Str: 11    XL:     19   Next: 2%
Magic:  27/27      EV: 22    Int: 20    God:    Fedhas [*****.]
Gold:   4239       SH: 17    Dex: 21    Spells: 15/28 levels left

rFire    . . .     SeeInvis +   J - +4 arc blade {discharge, rElec}
rCold    + . .     Gourm    .   E - +1 shield {rN+}
rNeg     + + .     Faith    .   p - +2 hat
rPois    .         Spirit   .   F - +4 amulet of reflection
rElec    +         Reflect  +   r - ring of wizardry
rCorr    .         Harm     .   h - ring "Suesorac" {+Fly rC+ rN+ Int+5 Dex-2}
MR       +++..                  T - +3 ring of protection
Stlth    +++++.....             (no ring)
Regen    0.4/turn               a - +3 ring of protection
MPRegen  0.2/turn               v - ring "Terysk" {MR+ Stlth-}
                                m - ring "Akhlymin" {rElec MR+ SInv}
                                A - +2 ring of dexterity

@: corroded
A: almost no armour, stealthy swim, amphibious, 8 rings, constrict 8, camouflage
1, clever 1, low mp 1, mutation resistance 1, gelatinous body 1
a: Fungal Bloom, Evolution, Sunlight, Growth, Reproduction, Rain, Renounce
Religion, Evoke Flight


You were on level 1 of the Spider Nest.
You worshipped Fedhas.
Fedhas was extremely pleased with you.
You were near starving.

You visited 6 branches of the dungeon, and saw 28 of its levels.
You visited the Abyss 1 time.
You also visited: Labyrinth, Ice Cave and Volcano.

You collected 4239 gold pieces.

Inventory:

Hand Weapons
 b - a +0 hunting sling of venom
 n - a +3 fustibalus of flaming
 J - the +4 arc blade (weapon) {discharge, rElec}
   (You found it on level 3 of the Elven Halls)

   It insulates you from electricity.
 L - a +3 short sword of electrocution
 P - a +4 hunting sling
 Y - a +2 demon trident of flaming
Missiles
 o - 669 stones (quivered)
 Q - 113 sling bullets
Armour
 p - a +2 hat (worn)
 s - a +1 shield
 E - a +1 shield of positive energy (worn)
Jewellery
 a - a +3 ring of protection (on tentacle)
 h - the ring "Suesorac" (right tentacle) {+Fly rC+ rN+ Int+5 Dex-2}
   (You found it in a labyrinth)

   [ring of positive energy]

   It affects your intelligence (+5).
   It affects your dexterity (-2).
   It protects you from cold.
   It protects you from negative energy.
   It lets you fly.
 i - the amulet "Uhamuol" {RegenMP Fragile MR+ Dex+5 Stlth+}
   (You took it off a deep elf sorcerer on level 3 of the Elven Halls)

   [amulet of magic regeneration]

   It increases your magic regeneration.
   It affects your dexterity (+5).
   It affects your resistance to hostile enchantments.
   It will be destroyed if unequipped.
   It makes you more stealthy.
 l - an uncursed ring of ice
 m - the ring "Akhlymin" (on tentacle) {rElec MR+ SInv}
   (You found it in a labyrinth)

   [ring of protection from magic]

   It insulates you from electricity.
   It affects your resistance to hostile enchantments.
   It lets you see invisible.
 r - a ring of wizardry (left tentacle)
 v - the ring "Terysk" (on tentacle) {MR+ Stlth-}
   (You found it in a labyrinth)

   [ring of loudness]

   It affects your resistance to hostile enchantments.
   It makes you less stealthy.
 A - a +2 ring of dexterity (on tentacle)
 F - a +4 amulet of reflection (around mantle)
 T - a +3 ring of protection (on tentacle)
 X - an uncursed ring of fire
Wands
 c - a wand of disintegration (4/24)
 d - a wand of flame (14/48)
 f - a wand of confusion (20/48)
 x - a wand of paralysis (2/24)
 z - a wand of confusion (5/48)
 M - a wand of flame (17/48)
 S - a wand of confusion (13/48)
Scrolls
 e - 3 scrolls of fear
 j - 8 scrolls of identify
 t - 2 scrolls of fog
 y - 9 scrolls of teleportation
 D - 2 scrolls of blinking
Potions
 k - 4 potions of lignification
 q - 6 potions of flight
 B - 2 potions of might
 H - a potion of curing
 I - 2 potions of resistance
 K - 3 potions of agility
 O - 2 potions of heal wounds
 V - 2 potions of haste
Books
 C - the Collected Works on Bewitching Air
   (You found it on level 3 of the Elven Halls)

   Spells                             Type                      Level
   a - Fulminant Prism                Conjuration/Hexes            4
   b - Summon Lightning Spire         Summoning/Air                4
   c - Conjure Ball Lightning         Conjuration/Air              6
Miscellaneous
 g - a lamp of fire
 u - a lightning rod (3/4)
 w - a box of beasts
Comestibles
 G - 20 fruits
 N - 4 meat rations


   Skills:
 + Level 14.6 Fighting
 - Level 1.0 Short Blades
 - Level 14.0 Slings
 - Level 11.2 Dodging
 - Level 12.2 Stealth
 * Level 11.8 Shields
 - Level 5.1 Spellcasting
 - Level 5.4 Charms
 + Level 0.4 Summonings
 - Level 4.8 Necromancy
 + Level 5.6 Air Magic
 - Level 3.1 Poison Magic
 + Level 16.1 Invocations
 - Level 8.1 Evocations


You had 15 spell levels left.
You knew the following spells:

 Your Spells              Type           Power        Failure   Level  Hunger
a - Mephitic Cloud        Conj/Pois/Air  ###.....     7%          3    ##.....
b - Regeneration          Chrm/Necr      ####......   4%          3    ##.....
c - Tukima's Dance        Hex            #.......     28%         3    ##.....
d - Summon Lightning Spi  Summ/Air       ###.....     26%         4    ####...


Dungeon Overview and Level Annotations

Branches:
Dungeon (15/15)            Temple (1/1) D:4            Lair (6/6) D:8
 Shoals (0/4) Lair:2       Spider (1/4) Lair:2        Slime (0/5) Lair:5
    Orc (2/2) D:9             Elf (3/3) Orc:2        Vaults (0/5) D:13
 Depths (0/5) D:15

Altars:
Ashenzari
Cheibriados
Dithmenos
Elyvilon
Fedhas
Gozag
Hepliaklqana
Kikubaaqudgha
Makhleb
Nemelex Xobeh
Okawaru
Qazlal
Ru
Sif Muna
Trog
Uskayaw
Vehumet
Wu Jian
Xom
Yredelemnul
Zin
The Shining One

Shops:
D:6 *   D:10 *   Orc:2 (*%*(   Elf:1 =


Innate Abilities, Weirdness & Mutations

You cannot wear most types of armour.
You are very stealthy in the water. (Stealth+)
You are amphibious.
You can wear up to eight rings at the same time.
You can use your tentacles to constrict eight enemies at once.
Your skin changes colour to match your surroundings (Stealth+).
Your rubbery body absorbs attacks. (AC +1, EV +1)
Your mind is acute. (Int +2)
Your magical capacity is low. (-10% MP)
You are somewhat resistant to further mutation.


Message History

* * * LOW HITPOINT WARNING * * *
The redback bites you.
* * * LOW HITPOINT WARNING * * *
You block the tarantella's attack.
You feel better.
You constrict the tarantella.
The entropy weaver gestures wildly while chanting.
The entropic weave corrodes you! You block the redback's attack.
The tarantella completely misses you.
You hit the redback but do no damage. You grab the redback.
You constrict the tarantella.
You kill the tarantella!
You constrict the redback. The redback bites you.
* * * LOW HITPOINT WARNING * * *
The entropy weaver gestures wildly while chanting.
The entropic weave corrodes you! You block the redback's attack.
You block the entropy weaver's attack. x2
The entropy weaver closely misses you. The entropy weaver hits you!
You die...
Xom chuckles heartily!
Fedhas appreciates your contribution to the ecosystem.

#..^. #...#. # ....
#...^.: #. ...
...#... #.##..
.....##.
..[..#....#...
..?.#.......
#..#)#††s....# .
#....a@...## #..
#...##.#....####..#
.................##
..##......#......#
#.....#.#?^##.#.###
##...^............##
##.#....#.........#
#....#........##
....#$....<#.##


You could see an entropy weaver and a redback.

Vanquished Creatures
  A deep elf blademaster (Elf:3)
  Agnes (Elf:1)
  A tentacled starspawn (Abyss:2)
  6 deep elf sorcerers
  An orc warlord (Orc:1)
  Aizul (Elf:3)
  A very ugly thing (Abyss:2)
  A starcursed mass (Abyss:2)
  A lorocyproca (Abyss:2)
  6 deep elf annihilators
  3 deep elf demonologists
  The ghost of cortexin the Slicer, a journeyman VSAs of Gozag (Volcano)
  2 deep elf death magi
  2 deep elf high priests
  Josephine (Orc:2)
  A minotaur (Lab)
  Harold (Lair:4)
  3 hydras
  Fannar (Lair:1)
  A rakshasa (D:14)
  A vault guard (D:13)
  2 ice dragons
  4 wandering mushrooms
  2 death knights (D:14)
  3 centaur warriors
  4 ogre magi
  14 dancing weapons
  16 two-headed ogres
  A tengu warrior (D:14)
  A vampire mage (D:15)
  3 death yaks (Lair:6)
  An orc high priest (Elf:1)
  A thrashing horror (Abyss:2)
  Urug (Lair:2)
  Nergalle (Lair:2)
  11 deep elf knights
  2 small abominations
  A sixfirhy (Abyss:2)
  3 skeletal warriors
  A death drake (Abyss:2)
  15 deep elf archers
  8 unseen horrors
  A lindwurm (Lair:6)
  A glowing orange brain (Abyss:2)
  10 wizards (D:13)
  5 orc knights
  A harpy (shapeshifter) (Elf:2)
  2 necromancers
  3 orc sorcerers
  A lindwurm (shapeshifter) (D:14)
  An orb spider (Lair:2)
  14 ugly things
  55 deep elf magi
  An iron dragon skeleton (D:15)
  4 elephants (Lair:6)
  5 cyclopes
  3 ice statues (IceCv)
  Joseph (D:7)
  6 black mambas
  5 torpor snails
  3 gargoyles
  2 smoke demons
  A freezing wraith (D:14)
  A kobold demonologist (D:13)
  12 spiny frogs
  A tengu conjurer (D:14)
  7 ice devils (IceCv)
  5 komodo dragons
  2 rime drakes
  3 ancient zymes (Abyss:2)
  A red devil (Volcano)
  A meliai (D:14)
  A queen bee (shapeshifter) (Elf:1)
  5 trolls
  2 tyrant leeches (Lair:6)
  A polar bear (Lair:4)
  3 dream sheep
  3 slime creatures (D:14)
  7 hornets
  15 blink frogs
  12 hippogriffs
  A raiju (Abyss:2)
  5 wraiths
  2 shadows (D:15)
  5 air elementals
  2 spriggan skeletons (D:15)
  A tarantella (Spider:1)
  5 redbacks
  A spriggan (D:7)
  A flying skull (Abyss:2)
  An ice dragon skeleton (D:15)
  3 water elementals
  A ynoxinul (Abyss:2)
  A human (shapeshifter) (Elf:3)
  A large abomination (Abyss:2)
  12 wyverns
  11 hungry ghosts
  24 yaks
  5 basilisks
  7 fire elementals
  5 vampire mosquitoes (D:14)
  9 wargs
  20 water moccasins
  A hell hound (Volcano)
  11 porcupines
  Duvessa (D:7)
  2 ice beasts
  7 sky beasts
  2 black bears
  21 ogres
  26 orc warriors
  2 slaves (D:7)
  A phantom (D:9)
  4 boggarts (D:14)
  A necrophage (D:15)
  25 wolves
  17 centaurs
  14 crocodiles
  3 big kobolds
  17 bullfrogs
  5 earth elementals
  A wyvern skeleton (D:9)
  3 scorpions
  Dowan (D:7)
  9 killer bees
  A troll skeleton (Lab)
  15 wights
  A howler monkey (D:14)
  5 electric eels
  12 crimson imps
  3 jellies
  A quasit (Abyss:2)
  2 draconian simulacra (IceCv)
  A bullfrog skeleton (D:7)
  4 hounds
  A gnoll shaman (D:9)
  Crazy Yiuf (D:7)
  9 centaur skeletons
  14 orc priests
  9 iguanas
  Natasha (twice) (D:3)
  16 orc wizards
  3 spriggan simulacra (IceCv)
  9 worker ants
  A troll simulacrum (IceCv)
  2 centaur simulacra (IceCv)
  2 ogre skeletons (Lab)
  A hound skeleton (D:8)
  Robin (D:2)
  2 howler monkey skeletons
  19 adders
  2 ogre simulacra (IceCv)
  5 shadow imps
  4 white imps
  An ufetubus (Abyss:2)
  3 adder skeletons
  2 worms
  6 leopard geckos
  63 orcs
  8 bats
  2 giant cockroaches
  12 goblins
  17 hobgoblins
  3 jackals (D:8)
  20 kobolds
  3 quokkas
  2 ball pythons
  7 frilled lizards
  2 jackal skeletons
  2 leopard gecko skeletons
  8 rats
  9 ballistomycetes
  4 ballistomycete spores
  A crawling corpse (Elf:2)
  A plant (Lair:1)
  2 toadstools
962 creatures vanquished.

Vanquished Creatures (collateral kills)
  2 deep elf sorcerers (Elf:3)
  2 deep elf elementalists (Elf:3)
  A deep elf demonologist (Elf:3)
  A deep elf annihilator (Elf:3)
  3 deep elf death magi (Elf:3)
  The ghost of M4edhros the Unseen, a journeyman OpAr of Gozag (D:12)
  4 hydras
  An ogre mage (Orc:2)
  A catoblepas (Lair:6)
  6 two-headed ogres
  2 death yaks (Lair:6)
  4 dancing weapons
  2 orc knights
  Pikel (D:7)
  A wolf spider (Lair:6)
  3 ugly things (D:14)
  4 deep elf magi
  An orc sorcerer (Orc:2)
  A guardian serpent (Lair:6)
  3 black mambas (Lair:6)
  An elephant (Lair:6)
  A torpor snail (Lair:6)
  A gargoyle (D:12)
  5 spiny frogs
  3 komodo dragons (Lair:1)
  3 trolls
  2 meliai (D:14)
  2 tyrant leeches (Lair:6)
  3 hornets (Lair:6)
  A slime creature (D:14)
  3 blink frogs
  A hippogriff (D:7)
  A dream sheep (Lair:5)
  3 wyverns
  2 wraiths
  9 yaks
  2 basilisks
  A hungry ghost (Lab)
  3 water moccasins
  3 sky beasts
  6 orc warriors
  A phantom (D:5)
  9 ogres (Orc:2)
  10 wolves
  3 centaurs (D:13)
  2 crocodiles (Lair:6)
  2 earth elementals (D:11)
  3 bullfrogs
  A scorpion (D:7)
  4 killer bees
  4 wights
  A spriggan skeleton (Lab)
  4 crimson imps
  A centaur zombie (D:11)
  A bullfrog zombie (D:5)
  An orc priest (Orc:2)
  A hound (Lair:1)
  A centaur skeleton (Lab)
  A jelly (D:6)
  An iguana (D:6)
  5 orc wizards
  A worker ant (D:13)
  4 gnolls (D:9)
  An adder (D:2)
  2 shadow imps
  20 orcs
  A quokka (D:7)
  A kobold (D:11)
  5 ballistomycete spores
  2 hyperactive ballistomycetes
  A plant (Lair:6)
194 creatures vanquished.

Vanquished Creatures (others)
  A deep elf master archer (Elf:3)
  2 centaur warriors
  A deep elf knight (Elf:2)
  2 deep elf archers
  4 deep elf magi
  3 blink frogs (Lair:6)
  4 centaurs
  A dancing weapon (Orc:1)
  4 necrophages
  3 orc priests (D:9)
  An orc wizard (D:10)
  3 worker ant zombies
  An orc (D:14)
  33 wandering mushrooms
  37 ballistomycetes
  12 ballistomycete spores
  4 bushes (Lair:6)
  A fire vortex (D:5)
  27 fungi
  71 plants
  8 starspawn tentacles (Abyss:2)
  871 toadstools
  A withered plant (D:15)
1095 creatures vanquished.

Grand Total: 2251 creatures vanquished

Notes
Turn   | Place    | Note
-------+----------+-------------------------------------------
     0 | D:1      | M4edhros the Octopode Artificer began the quest for the Orb.
     0 | D:1      | Reached XP level 1. HP: 13/13 MP: 3/3
   303 | D:2      | Reached XP level 2. HP: 18/18 MP: 4/4
   567 | D:2      | Reached XP level 3. HP: 21/23 MP: 5/5
   703 | D:4      | Noticed a scorpion
   709 | D:4      | Killed a scorpion
   709 | D:4      | Reached XP level 4. HP: 28/28 MP: 6/6
  1170 | D:4      | Found a staircase to the Ecumenical Temple.
  1178 | Temple   | Entered the Ecumenical Temple
  1308 | Temple   | Became a worshipper of Xom of Chaos
  2261 | Temple   | XOM: silly message
  2378 | Temple   | XOM is BORED!
  2378 | Temple   | XOM: harmless Tmut miscast
  2655 | Temple   | XOM: divination: detect creatures
  2939 | Temple   | XOM: divination: detect items
  3233 | Temple   | XOM: divination: detect creatures
  3499 | Temple   | XOM: harmless Tmut miscast
  3826 | Temple   | XOM: harmless Pois miscast
  3847 | Temple   | XOM: harmless Erth miscast
  4005 | Temple   | XOM is BORED!
  4005 | Temple   | XOM: medium Hex miscast
  4803 | Temple   | XOM: harmless Erth miscast
  4896 | Temple   | XOM: harmless Ice miscast
  4965 | Temple   | XOM: silly message
  5245 | Temple   | XOM: god gift: inky potion {god gift}
  5327 | Temple   | XOM: scenery: create altars
  5623 | Temple   | XOM is BORED!
  5628 | Temple   | XOM: god gift: twisted smoking staff {god gift}
  6340 | Temple   | XOM: give mutations
  6340 | Temple   | Gained mutation: You are robust. (+10% HP) [Xom's grace]
  6340 | Temple   | Gained mutation: You are resistant to hostile enchantments. (MR+) [Xom's grace]
  6406 | Temple   | XOM: divination: detect items
  6950 | Temple   | XOM: give mutations
  6950 | Temple   | Gained mutation: You have supernaturally acute eyesight. (SInv) [Xom's grace]
  6950 | Temple   | Gained mutation: You are covered in fur. (AC +1) [Xom's grace]
  7325 | Temple   | XOM: cloud trail
  7353 | Temple   | XOM: 3-stop teleportation journey
  7548 | Temple   | XOM is BORED!
  7548 | Temple   | XOM: mild Tloc miscast
  8843 | Temple   | XOM: give mutations
  8843 | Temple   | Gained mutation: You are somewhat resistant to further mutation. [Xom's grace]
  8843 | Temple   | Gained mutation: You are surrounded by a mild repulsion field. (EV +2) [Xom's grace]
  8843 | Temple   | Gained mutation: Your muscles are strong. (Str +2) [Xom's grace]
  8843 | Temple   | Gained mutation: Your mind is acute. (Int +2) [Xom's grace]
  9113 | Temple   | XOM: god gift: fuming golden potion {god gift}
  9175 | Temple   | XOM: god gift: 19 stones
  9387 | Temple   | XOM is BORED!
  9856 | Temple   | XOM: cloud trail
 10167 | Temple   | XOM: harmless Conj miscast
 10411 | Temple   | XOM: divination: magic mapping
 10445 | Temple   | XOM: divination: detect creatures
 10580 | Temple   | XOM: cloud trail
 12251 | Temple   | XOM: mild Hex miscast
 12542 | Temple   | XOM: mild Erth miscast
 12640 | Temple   | XOM: give mutation
 12640 | Temple   | Lost mutation: You are covered in fur. (AC +1) [Xom's mischief]
 13263 | Temple   | XOM: give mutation
 13263 | Temple   | Lost mutation: Your mind is acute. (Int +2) [Xom's mischief]
 14461 | Temple   | XOM: harmless Necr miscast
 15207 | Temple   | XOM is BORED!
 15207 | Temple   | XOM: give mutations
 15207 | Temple   | Lost mutation: Your muscles are strong. (Str +2) [Xom's mischief]
 15207 | Temple   | Lost mutation: You have supernaturally acute eyesight. (SInv) [Xom's mischief]
 15207 | Temple   | Gained mutation: You are dopey. (Int -2) [Xom's mischief]
 15220 | Temple   | Fell from the grace of Xom
 15220 | Temple   | Became a worshipper of Fedhas Madash
 15314 | D:2      | Reached XP level 5. HP: 33/36 MP: 7/7
 15335 | D:2      | Noticed Robin
 15340 | D:2      | XOM: summons 2 hostile shadow creatures
 15845 | D:1      | XOM: summons 1 hostile demon
 15931 | D:1      | XOM: summons 1 hostile demon
 16176 | D:1      | XOM: mild Fire miscast
 16243 | D:2      | Reached * piety under Fedhas
 16257 | D:2      | Killed Robin
 16374 | D:2      | XOM: medium Tmut miscast
 16622 | D:2      | XOM: polymorph wandering mushroom -> oklob plant
 16646 | D:2      | Reached skill level 1 in Invocations
 16689 | D:2      | Found a faded altar of an unknown god.
 17051 | D:3      | Reached XP level 6. HP: 31/41 MP: 8/8
 17085 | D:3      | Noticed Natasha
 17099 | D:3      | Killed Natasha
 17108 | D:3      | Found a sparkling altar of Nemelex Xobeh.
 17186 | D:3      | Reached skill level 2 in Invocations
 17225 | D:3      | Reached ** piety under Fedhas
 17279 | D:3      | Noticed Natasha
 17283 | D:3      | Killed Natasha
 17360 | D:3      | XOM: scenery: create altars
 17532 | D:3      | XOM: polymorph wandering mushroom -> oklob plant
 17784 | D:4      | XOM: mild Ice miscast
 18255 | D:5      | Entered Level 5 of the Dungeon
 18305 | D:5      | Reached skill level 3 in Invocations
 18305 | D:5      | Reached XP level 7. HP: 49/49 MP: 9/9
 18354 | D:5      | XOM: medium Tmut miscast
 18666 | D:5      | Found an opulent altar of Gozag.
 18786 | D:5      | Reached skill level 4 in Invocations
 19148 | D:5      | XOM: medium Pois miscast
 19189 | D:5      | XOM: mild Fire miscast
 19477 | D:6      | Reached XP level 8. HP: 56/56 MP: 11/11
 19499 | D:6      | Lost mutation: You are resistant to hostile enchantments. (MR+) [mutagenic meat]
 19529 | D:6      | Reached skill level 5 in Invocations
 19641 | D:6      | XOM: mild Ice miscast
 19793 | D:6      | Reached *** piety under Fedhas
 20052 | D:6      | Reached skill level 5 in Evocations
 20225 | D:6      | Found Withrata's Wicked Wares.
 20226 | D:6      | Found a basalt altar of Yredelemnul.
 20270 | D:7      | Noticed a hippogriff
 20278 | D:7      | Killed a hippogriff
 20286 | D:7      | Reached skill level 6 in Invocations
 20311 | D:7      | Reached XP level 9. HP: 35/63 MP: 13/13
 20496 | D:7      | XOM: 2-stop teleportation journey
 20584 | D:7      | Noticed Joseph
 20589 | D:7      | XOM: 6-stop teleportation journey
 20616 | D:7      | Noticed Dowan
 20618 | D:7      | Noticed Duvessa
 20620 | D:7      | Killed Dowan
 20636 | D:7      | Killed Duvessa
 20985 | D:7      | Noticed Pikel
 20999 | D:7      | Killed Pikel
 20999 | D:7      | Reached skill level 5 in Dodging
 20999 | D:7      | Reached skill level 10 in Stealth
 20999 | D:7      | Reached skill level 7 in Invocations
 21017 | D:7      | XOM: noise
 21360 | D:7      | Found a runed door.
 21509 | D:7      | Killed Joseph
 21509 | D:7      | Reached skill level 5 in Fighting
 21509 | D:7      | Reached skill level 8 in Invocations
 21509 | D:7      | Reached XP level 10. HP: 51/72 MP: 14/16
 21643 | D:7      | XOM: noise
 21729 | D:7      | Noticed Crazy Yiuf
 21733 | D:7      | Killed Crazy Yiuf
 21767 | D:8      | Noticed a two-headed ogre
 21773 | D:8      | Killed a two-headed ogre
 21908 | D:8      | Noticed a two-headed ogre
 21920 | D:8      | Killed a two-headed ogre
 21940 | D:8      | Found a staircase to the Lair.
 21979 | D:8      | Reached skill level 9 in Invocations
 22101 | D:8      | Found a sacrificial altar of Ru.
 22356 | D:8      | Found a burning altar of Makhleb.
 22362 | D:8      | Reached **** piety under Fedhas
 22505 | D:9      | Found a staircase to the Orcish Mines.
 22520 | D:9      | Noticed a two-headed ogre
 22526 | D:9      | XOM: silly message
 22531 | D:9      | Killed a two-headed ogre
 22764 | D:9      | Noticed a two-headed ogre
 22771 | D:9      | Killed a two-headed ogre
 22771 | D:9      | Reached XP level 11. HP: 66/79 MP: 18/18
 22793 | D:9      | Reached skill level 10 in Invocations
 22960 | D:9      | XOM: silly message
 23023 | D:9      | Found a shadowy altar of Dithmenos.
 23512 | D:10     | Entered Level 10 of the Dungeon
 23580 | D:10     | XOM: mild Summ miscast
 23640 | D:10     | Reached ***** piety under Fedhas
 23640 | D:10     | XOM: medium Summ miscast
 23753 | D:10     | Found Ohuicucs's General Store.
 23947 | D:10     | XOM: mild Tmut miscast
 24003 | D:10     | XOM: god gift: 39 gold pieces
 24068 | D:11     | You fall through a shaft!
 24116 | D:12     | Reached skill level 1 in Slings
 24176 | D:11     | XOM: confusion (+ monsters)
 24204 | D:11     | Found a labyrinth entrance.
 24220 | Lab      | Entered a labyrinth
 24445 | Lab      | XOM: god gift: 10 arrows
 24445 | Lab      | Was forgiven by Xom
 24561 | Lab      | Killed an unseen horror
 24611 | Lab      | Killed an unseen horror
 24611 | Lab      | Reached skill level 11 in Invocations
 24631 | Lab      | Got a warped tin ring
 24632 | Lab      | Identified the ring "Akhlymin" {rElec MR+ SInv} (You found it in a labyrinth)
 25217 | Lab      | Noticed a minotaur
 25335 | Lab      | Killed a minotaur
 25335 | Lab      | Reached XP level 12. HP: 72/89 MP: 20/20
 25355 | Lab      | Got a slimy brass ring
 25355 | Lab      | Got a serpentine platinum ring
 25357 | Lab      | Identified the ring "Suesorac" {+Fly rC+ rN+ Int+5 Dex-2} (You found it in a labyrinth)
 25359 | Lab      | Identified the ring "Terysk" {MR+ Stlth-} (You found it in a labyrinth)
 25403 | D:11     | Learned a level 3 spell: Mephitic Cloud
 25407 | D:11     | Learned a level 3 spell: Regeneration
 25415 | D:11     | Learned a level 3 spell: Tukima's Dance
 25599 | D:11     | Reached skill level 1 in Charms
 25624 | D:11     | Reached skill level 1 in Poison Magic
 25695 | D:11     | Reached skill level 1 in Air Magic
 25765 | D:11     | Noticed a two-headed ogre
 25996 | D:11     | Killed a two-headed ogre
 25996 | D:11     | Reached skill level 1 in Spellcasting
 26012 | D:11     | Noticed a two-headed ogre
 26033 | D:11     | Killed a two-headed ogre
 26033 | D:11     | Reached skill level 1 in Necromancy
 26307 | D:12     | Reached skill level 5 in Slings
 26408 | D:12     | Noticed M4edhros's ghost (journeyman OpAr)
 26422 | D:12     | Killed M4edhros's ghost
 27446 | D:13     | Noticed a centaur warrior
 27459 | D:13     | Killed a centaur warrior
 27508 | D:13     | Found a frozen archway.
 27782 | D:13     | Noticed a centaur warrior
 27830 | IceCv    | Entered an ice cave
 28096 | IceCv    | Reached XP level 13. HP: 96/96 MP: 21/21
 29764 | D:13     | Reached skill level 10 in Slings
 29785 | D:13     | Reached XP level 14. HP: 103/103 MP: 17/22
 30163 | D:13     | Reached skill level 12 in Invocations
 30531 | D:13     | Found a gate to the Vaults.
 31060 | D:14     | Gained mutation: You are partially covered in large bone plates. (SH +4) [mutagenic meat]
 31258 | Orc:1    | Entered Level 1 of the Orcish Mines
 31875 | Orc:2    | Entered Level 2 of the Orcish Mines
 32004 | Orc:2    | Found Zedaerex's Weapon Shoppe.
 32147 | Orc:2    | Found Vaoq's Assorted Antiques.
 32147 | Orc:2    | Found Ocoul's Assorted Antiques.
 32148 | Orc:2    | Found Fiolap's Food Emporium.
 32148 | Orc:2    | Found Jeoll's Antique Weapon Boutique.
 32152 | Orc:2    | Noticed Josephine
 32344 | Orc:2    | Reached XP level 15. HP: 71/111 MP: 24/24
 32357 | Orc:2    | Reached skill level 5 in Air Magic
 32374 | Orc:2    | Killed Josephine
 32429 | Orc:2    | Reached skill level 5 in Charms
 32929 | Orc:2    | Found a staircase to the Elven Halls.
 33048 | Orc:1    | Noticed an orc warlord
 33095 | Orc:1    | Killed an orc warlord
 33245 | Orc:1    | Reached skill level 5 in Spellcasting
 33535 | Orc:1    | Identified 2 scrolls of acquirement
 33849 | Lair:1   | Entered Level 1 of the Lair of Beasts
 34560 | Lair:1   | Noticed Fannar
 34576 | Lair:1   | Killed Fannar
 34603 | Lair:1   | Reached skill level 10 in Dodging
 34837 | Lair:1   | Got a slimy hunting sling
 34838 | Lair:1   | Identified the +0 hunting sling of Woe {flame, rF+ Str+2 Int+3} (You found it on level 1 of the Lair of Beasts)
 35255 | Lair:2   | Reached skill level 10 in Fighting
 35375 | Lair:2   | Noticed Nergalle
 35465 | Lair:2   | Found a staircase to the Shoals.
 35722 | Lair:2   | Noticed Urug
 35740 | Lair:2   | Killed Urug
 35851 | Lair:2   | Found a hole to the Spider Nest.
 35897 | Lair:2   | Killed Nergalle
 36288 | Lair:3   | Reached skill level 13 in Invocations
 36509 | Lair:3   | Found a dark tunnel.
 36518 | Volcano  | Entered a volcano
 36518 | Volcano  | Noticed cortexin's ghost (journeyman VSAs)
 36543 | Volcano  | Killed cortexin's ghost
 37496 | Lair:4   | Reached XP level 16. HP: 72/122 MP: 25/25
 38449 | Lair:4   | Noticed Harold
 38473 | Lair:4   | Killed Harold
 38952 | Lair:5   | Found a staircase to the Slime Pits.
 39023 | Lair:5   | Found a blossoming altar of Fedhas.
 39867 | Lair:6   | Entered Level 6 of the Lair of Beasts
 40438 | Lair:6   | Paralysed by a hornet for 2 turns
 40441 | Lair:6   | Paralysed by a hornet for 2 turns
 41137 | Lair:6   | Reached ****** piety under Fedhas
 41254 | Lair:6   | Found a runed door.
 41273 | Lair:6   | Paralysed by a hornet for 3 turns
 41895 | Lair:6   | Found a stormy altar of Qazlal.
 43649 | D:14     | Reached skill level 1 in Shields
 43649 | D:14     | Reached skill level 14 in Invocations
 43649 | D:14     | Reached XP level 17. HP: 95/133 MP: 27/27
 43711 | D:14     | Found a blossoming altar of Fedhas.
 44051 | D:15     | Entered Level 15 of the Dungeon
 44288 | D:15     | Found a staircase to the Depths.
 44573 | D:15     | Lost mutation: You are somewhat resistant to further mutation. [potion of mutation]
 44573 | D:15     | Lost mutation: You are dopey. (Int -2) [potion of mutation]
 44573 | D:15     | Lost mutation: You are partially covered in large bone plates. (SH +4) [potion of mutation]
 44573 | D:15     | Lost mutation: You are robust. (+10% HP) [potion of mutation]
 44573 | D:15     | Gained mutation: You are agile. (Dex +2) [potion of mutation]
 44573 | D:15     | Gained mutation: You are weak. (Str -2) [potion of mutation]
 44573 | D:15     | Gained mutation: You are somewhat resistant to further mutation. [potion of mutation]
 44576 | D:15     | Gained mutation: You have a pair of small antennae on your head. [mutagenic meat]
 44577 | D:15     | Lost mutation: You are weak. (Str -2) [mutagenic meat]
 44935 | D:15     | Gained mutation: Your mind is acute. (Int +2) [mutagenic meat]
 44936 | D:15     | Gained mutation: One of your tentacles bears a spike. [mutagenic meat]
 44947 | D:15     | Gained mutation: You are resistant to hostile enchantments. (MR+) [mutagenic meat]
 45270 | D:15     | Gained mutation: Your mind is very acute. (Int +4) [mutagenic meat]
 45329 | D:14     | Lost mutation: You are resistant to hostile enchantments. (MR+) [mutagenic meat]
 45330 | D:14     | Gained mutation: You are partially covered in thin metallic scales. (AC +2) [mutagenic meat]
 45332 | D:14     | Gained mutation: You are robust. (+10% HP) [mutagenic meat]
 45506 | Elf:1    | Entered Level 1 of the Elven Halls
 45606 | Elf:1    | Reached skill level 5 in Shields
 46064 | Elf:1    | Noticed Agnes
 46080 | Elf:1    | Killed Agnes
 46089 | Elf:1    | Killed the ghostly Agnes
 46352 | Elf:1    | Found Meerph's Jewellery Boutique.
 47762 | Elf:2    | Reached skill level 15 in Invocations
 47797 | Elf:2    | Reached XP level 18. HP: 88/141 MP: 29/29
 48575 | Elf:2    | Found a runed gate.
 48575 | Elf:2    | Found a runed gate.
 48575 | Elf:2    | Found a runed gate.
 48953 | Elf:3    | Entered Level 3 of the Elven Halls
 49122 | Elf:3    | Noticed Aizul
 49141 | Elf:3    | Killed Aizul
 49141 | Elf:3    | Reached skill level 10 in Shields
 49147 | Elf:3    | Lost mutation: You have a pair of small antennae on your head. [mutagenic meat]
 49571 | Elf:3    | Cast into level 2 of the Abyss (broad axe of distortion)
 49572 | Abyss:2  | Found a corrupted altar of Lugonu.
 49627 | Abyss:2  | Found a corrupted altar of Lugonu.
 49880 | Abyss:2  | Noticed a bone dragon
 50069 | Elf:3    | Escaped the Abyss
 50873 | Elf:3    | Noticed a Tzitzimitl
 50901 | Elf:3    | Noticed a deep elf blademaster
 50921 | Elf:3    | Killed a deep elf blademaster
 50973 | Elf:3    | Noticed a deep elf master archer
 50978 | Elf:3    | Killed a deep elf master archer
 51023 | Elf:3    | Reached skill level 16 in Invocations
 51400 | Elf:3    | Got a crude ruby amulet
 51408 | Elf:3    | Got a jewelled spear {freeze}
 51419 | Elf:3    | Identified the cursed +2 spear "Mud Pie of Death" {freeze, Dex+4} (You took it off a deep elf death mage on level 3 of the Elven Halls)
 51473 | Elf:3    | Identified the Collected Works on Igneous Dislocation
 51481 | Elf:3    | Identified Iblily's Almanac of Displaced Conjuration
 51491 | Elf:3    | Identified the amulet "Uhamuol" {RegenMP Fragile MR+ Dex+5 Stlth+} (You took it off a deep elf sorcerer on level 3 of the Elven Halls)
 51506 | Elf:3    | Identified the Papyrus of Ice
 51521 | Elf:3    | Got a dazzling long sword
 51522 | Elf:3    | Identified the +0 long sword of Shrieking Terror {antimagic, rF- Str+7} (You found it on level 3 of the Elven Halls)
 51590 | Elf:3    | Identified the Collected Works on Bewitching Air
 51614 | Elf:3    | Lost mutation: You are agile. (Dex +2) [potion of mutation]
 51614 | Elf:3    | Lost mutation: You are robust. (+10% HP) [potion of mutation]
 51614 | Elf:3    | Lost mutation: You are partially covered in thin metallic scales. (AC +2) [potion of mutation]
 51614 | Elf:3    | Lost mutation: One of your tentacles bears a spike. [potion of mutation]
 51614 | Elf:3    | Lost mutation: You are surrounded by a mild repulsion field. (EV +2) [potion of mutation]
 51614 | Elf:3    | Lost mutation: Your mind is very acute. (Int +4) [potion of mutation]
 51614 | Elf:3    | Gained mutation: Your magical capacity is low. (-10% MP) [potion of mutation]
 51711 | Elf:3    | Reached XP level 19. HP: 59/137 MP: 27/27
 51959 | Elf:2    | Learned a level 4 spell: Summon Lightning Spire
 52208 | Spider:1 | Entered Level 1 of the Spider Nest
 52227 | Spider:1 | Slain by an entropy weaver

Vault maps used:
D:1:      dpeg_arrival_line_fractal, serial_forest, infiniplex_forest_lined_1,
          infiniplex_forest_lined_2, infiniplex_forest_straight_5,
          infiniplex_forest_lined_corner, infiniplex_forest_straight_4,
          infiniplex_forest_lined_4_way, infiniplex_forest_lined_corner,
          minmay_tall_x
D:2:      chequers_ecumenical_altar_twisty, first_bread, corexii_shack,
          uniq_robin
D:3:      lemuel_coloured_pillars_altar, minmay_box_of_dots, uniq_natasha
D:4:      minmay_temple_entry_mist, lemuel_flame_loot_1
D:5:      grunt_gozag_breadcrumbs
D:6:      minivault_5, nicolae_evil_shop
D:7:      the_bakery, minmay_nine_imps, uniq_pikel, uniq_duvessa, uniq_joseph,
          uniq_crazy_yiuf_cottage
D:8:      nicolae_ru_awakened_eye, makhleb_blood_cavern_becter, lair_entry_dummy
D:9:      lemuel_crystal_altar, erik_orc_4
D:10:     serial_shops, shop
D:11:     minmay_stone_box, lab_entry_generic
D:13:     minmay_tri_stars, david_vaults_5, portal_ice_cave_entry_pillars_2
D:14:     stair_cage_wide, fedhas_altar_2
D:15:     gammafunk_depths_entry_grave, minmay_misc_feat_rugged
Temple:   minmay_crystal_spiral_temple
Lair:1:   beast_lair_carwin_large_4, st_stairs_7, hibernation_bobbens,
          uniq_fannar
Lair:2:   minmay_shoals_entry_centaurs, nicolae_spider_entry_orb_guardian,
          uniq_urug, uniq_nergalle
Lair:3:   enter_volcano_2, nicolae_quartered_pool_little
Lair:4:   beast_lair_carwin_2, grunt_megastairs_4, uniq_harold
Lair:5:   dpeg_slime_entry_corner, basic_altar, serial_forest,
          infiniplex_forest_end_double, infiniplex_forest_end_3,
          infiniplex_forest_lined_room_3, infiniplex_forest_straight_5,
          infiniplex_forest_clump_large, infiniplex_forest_clump_cross
Lair:6:   wormcave, hangedman_lair_tendril_chambers, basic_altar,
          serial_bayou_shore_b
Spider:1: nicolae_spider_nook
Orc:1:    special_room
Orc:2:    st_orc_ogre_mass, serial_shops, shop, uniq_josephine
Elf:1:    eino_elf_arrival_shootout, serial_shops, nicolae_shop_behind_doors,
          minivault_28, uniq_agnes
Elf:3:    minmay_elf_hall_furrowed, corner_web_ring, minivault_26,
          solitary_fountain, st_stairs_8, uniq_aizul
Abyss:2:  hangedman_abyss_or_decor_stabs
Lab:      nicolae_lab_dead_adventurers, nicolae_lab_diamond, nicolae_lab_stuck,
          nicolae_lab_grate, nicolae_lab_dead_end, labyrinth_skeletal_remains,
          nicolae_lab_t_cross, nicolae_lab_grate_2, nicolae_lab_x,
          nicolae_lab_garden, nicolae_lab_hexagon, labyrinth_glass_1
IceCv:    ice_cave_tombish
Volcano:  volcano_pools

Skill      XL: |  1  2  3  4  5  6  7  8  9 10 11 12 13 14 15 16 17 18 |
---------------+-------------------------------------------------------+-----
Stealth        | 3 4 6 7 8 9 10 11 12 | 12.2
Invocations    | 1 3 4 6 8 9 11 12 13 14 15 16 | 16.1
Fighting       | 2 3 5 6 7 8 9 10 12 13 14 | 14.6
Dodging        | 3 4 5 6 8 9 10 11 | 11.2
Evocations     | 4 5 6 7 8 |  8.1
Slings         | 4 9 10 11 12 14 | 14.0
Charms         | 2 3 4 5 |  5.4
Poison Magic   | 2 3 |  3.1
Air Magic      | 2 4 5 |  5.6
Spellcasting   | 2 4 5 |  5.1
Necromancy     | 2 4 |  4.8
Shields        | 1 8 11 | 11.8
Short Blades   | |  1.0
Summonings     | |  0.4

Action                   |  1- 3 |  4- 6 |  7- 9 | 10-12 | 13-15 | 16-18 | 19-21 || total
-------------------------+-------+-------+-------+-------+-------+-------+-------++-------
Melee: Short sword       |    29 |       |    55 |   524 |   667 |   546 |       ||  1821
       Constrict         |    13 |    51 |    37 |    47 |    91 |    98 |     4 ||   341
       Tentacles         |     7 |    35 |    52 |    94 |   187 |   214 |     7 ||   596
       Dagger            |    16 |   208 |   159 |       |       |       |       ||   383
       Staff             |       |     1 |       |       |       |       |       ||     1
       Demon trident     |       |       |       |       |       |    96 |       ||    96
       Kick              |       |       |       |       |       |   280 |       ||   280
       Fustibalus        |       |       |       |       |       |     1 |       ||     1
       Rapier            |       |       |       |       |       |    11 |    17 ||    28
 Fire: Hunting sling     |       |       |       |    39 |   844 |       |       ||   883
       Fustibalus        |       |       |       |       |       |  1851 |       ||  1851
 Cast: Regeneration      |       |       |       |       |     4 |    92 |       ||    96
       Mephitic Cloud    |       |       |       |       |    11 |    19 |       ||    30
       Tukima's Dance    |       |       |       |       |     2 |       |       ||     2
Invok: Fungal Bloom      |       |    26 |    19 |    61 |    88 |   102 |     1 ||   297
       Evolution         |       |     4 |     2 |     6 |    18 |    18 |       ||    48
       Sunlight          |       |       |       |     2 |       |     2 |       ||     4
       Rain              |       |       |       |       |     2 |     2 |       ||     4
       Reproduction      |       |       |       |       |     5 |     5 |       ||    10
       Growth            |       |       |       |       |       |     2 |       ||     2
Evoke: Wand              |     2 |     2 |     9 |    51 |    76 |    32 |       ||   172
       Lightning rod     |       |       |       |       |       |    13 |       ||    13
       Lamp of fire      |       |       |       |       |       |     3 |       ||     3
       Box of beasts     |       |       |       |       |       |       |     1 ||     1
  Use: Potion            |       |     2 |       |     6 |    11 |    21 |     2 ||    42
       Scroll            |       |       |     8 |    17 |    10 |    15 |     1 ||    51
 Stab: Sleeping          |     4 |    21 |    11 |    55 |    20 |     5 |     1 ||   117
       Betrayed ally     |     1 |       |       |       |       |       |       ||     1
       Confused          |     1 |       |     2 |     4 |    20 |     5 |       ||    32
       Distracted        |       |       |     1 |     3 |     4 |     1 |       ||     9
       Paralysed         |       |       |       |     1 |     4 |       |       ||     5
  Eat: Bread ration      |       |     6 |     1 |     4 |     5 |     2 |       ||    18
       Meat ration       |       |     4 |       |     2 |     1 |     5 |       ||    12
       Royal jelly       |       |     4 |     1 |     4 |       |     2 |       ||    11
       Chunk             |       |     1 |     5 |     2 |     9 |    48 |       ||    65
Armor: Skin              |     4 |    14 |     7 |    89 |   115 |   133 |     3 ||   365
Dodge: Dodged            |    42 |   102 |   130 |   428 |   629 |   847 |    25 ||  2203
Block: Other             |       |       |    18 |    76 |   252 |   138 |       ||   484
       Reflection        |       |       |     1 |     4 |    16 |    57 |       ||    78
       Shield            |       |       |       |       |       |   649 |    25 ||   674
